 Dungeon Crawl Stone Soup version 0.28-a0-1524-ge72afd5fc6 (webtiles) character file.

Game seed: 14600425835164311601

161 psuckher the Covered (level 5, -1/33 HPs)
             Began as a Gargoyle Fighter on Jan 17, 2022.
             Was an Initiate of Ashenzari.
             Killed by divine providence
             ... invoked by an orc priest
              (13 damage)
             ... on level 3 of the Dungeon.
             The game lasted 00:15:36 (2198 turns).

psuckher the Covered (Gargoyle Fighter)             Turns: 2198, Time: 00:15:39

Health: -1/33      AC: 16    Str: 22    XL:     5   Next: 42%
Magic:  5/5        EV:  9    Int:  8    God:    Ashenzari [......]
Gold:   110        SH:  4    Dex:  9    Spells: 4/4 levels left

rFire   . . .      SeeInvis .   n - +0 war axe "Thunder Perfect Mind" {pain, Alch, Comp} (curse)
rCold   . . .      Faith    .   c - +0 buckler
rNeg    + . .      Spirit   .   b - +1 scale mail
rPois   ∞          Reflect  .   (no helmet)
rElec   +          Harm     .   (no cloak)
rCorr   .          Rampage  .   (no gloves)
Will    .....                   (no boots)
Stlth   ..........              e - amulet of regeneration
HPRegen 0.91/turn               q - +4 ring of protection
MPRegen 0.09/turn               (no ring)

@: no status effects
A: sickness immunity, AC +4, negative energy resistance 1, electricity
resistance, torment resistance 1, petrification resistance
a: Renounce Religion, Curse Item, Shatter the Chains


You were on level 3 of the Dungeon.
You worshipped Ashenzari.
Ashenzari was noncommittal.
You visited 1 branch of the dungeon, and saw 3 of its levels.

You collected 110 gold pieces.

Inventory:

Hand Weapons
 a - a +0 war axe
 n - the cursed +0 war axe "Thunder Perfect Mind" (weapon) {pain, Alch, Comp}
   (You found it on level 2 of the Dungeon)

   In the hands of one skilled in necromantic magic, it inflicts extra damage on
   living creatures.
   It has a curse which improves the following skills: Alchemy: Poison Magic and
   Transmutations.
   Companions: Summonings and Necromancy.
 w - a +4 spectral club
Armour
 b - a +1 scale mail (worn)
 c - a +0 buckler (worn)
 f - a +2 leather armour of fire resistance
Jewellery
 e - an amulet of regeneration (around neck)
 p - an amulet of the acrobat
 q - a +4 ring of protection (left hand)
 y - an amulet of reflection
Wands
 v - a wand of iceblast (5)
Scrolls
 g - 2 scrolls of enchant armour
 i - 2 scrolls of enchant weapon
 k - a scroll of teleportation {unknown}
 l - a scroll of identify {unknown}
 o - a scroll of fear {unknown}
 t - 2 scrolls of amnesia {unknown}
 u - a scroll of immolation {unknown}
 x - a scroll of fog {unknown}
Potions
 d - 2 potions of might
 h - 2 potions of mutation {unknown}
 j - a potion of brilliance {unknown}
 m - 3 potions of curing {unknown}
 r - a potion of magic {unknown}
 s - a potion of flight {unknown}


   Skills:
 + Level 3.7 Fighting
 + Level 3.7 Axes
 + Level 3.8 Armour
 + Level 1.1 Dodging
 + Level 3.8 Shields


You had 4 spell levels left.
You didn't know any spells.
Your spell library contained the following spells:

 Spells                   Type           Power      Damage    Failure   Level
 Ensorcelled Hibernation  Hex/Ice        0%         N/A       91%         2
 Passwall                 Tmut/Erth      0%         N/A       91%         2
 Spider Form              Tmut/Pois      0%         N/A       99%         3
 Swiftness                Air            0%         N/A       99%         3
 Anguish                  Hex/Necr       0%         N/A       100%        4


Dungeon Overview and Level Annotations

Branches:
Dungeon (3/15)

Altars:
Ashenzari
Okawaru

Shops:
D:2 [

Annotations:
D:3 Grinder


Innate Abilities, Weirdness & Mutations

You are immune to sickness and miasma.
Your stone body is resilient. (AC +4)
You are immune to poison.
You resist negative energy. (rN+)
You are resistant to electric shocks. (rElec)
You are resistant to unholy torment.
You are immune to petrification.


Message History

Deactivating autopickup; reactivate with Ctrl-A.
Grinder gestures at you.
You barely resist. You slash Grinder!
Grinder is severely wounded.
Grinder closely misses you.
You barely miss Grinder.
Grinder is severely wounded.
You hit something. Grinder hits you but does no damage. Something hits you.
Grinder gestures at you.
You barely resist. You barely miss Grinder.
Grinder is severely wounded.
You hit the orc. You hit something but do no damage.
The orc hits you with a +0 falchion.
The orc priest looks braver for a moment.
Grinder grins, showing sharp teeth.
Grinder barely misses you.
You closely miss Grinder.
Grinder is severely wounded.
You closely miss something. You hit the orc.
Something hits you but does no damage. The orc closely misses you.
The orc priest calls upon Beogh to heal the orc.
The orc is healed somewhat.
Grinder hits you but does no damage. Something hits you but does no damage.
You hit Grinder but do no damage.
Grinder is severely wounded.
You completely miss the orc. You slash something! The orc closely misses you.
The orc priest invokes the aid of Beogh against you.
You barely resist. Grinder gestures at you. Pain shoots through your body!
Something hits you but does no damage. The orc hits you with a +0 falchion.
Grinder hits you.
You hit Grinder.
Grinder is almost dead.
You closely miss the orc priest. You barely miss the orc. You hit something.
Something hits you but does no damage. The orc barely misses you.
The orc priest calls down the wrath of Beogh upon you.
Beogh smites you!
You die...

********* *,* #.# #.#
*######* #.# ***,.....* #.#
*,,,,....* #.# **,*,**#..*
##.##
*,,...##..###...###########
***,,#.........o@5..........#
,,,,,.......###o{.#########.#
***,,......#* ##.## #.# *
*,*.#####* #.# #.### * *,*,*
#.# #...# ***,*,* ##'## ###.#
,,,,,,* ##...## #.# ***,****
##.....## ####.# *,**,**
##.....).## ##.##.#


You could see Grinder, an orc priest and an orc.

Vanquished Creatures
  Jessica (D:2)
  Ijyb (D:3)
  6 adders
  2 worms (D:2)
  A dart slug (D:2)
  An orc (D:3)
  5 ball pythons
  4 endoplasms
  3 goblins
  7 hobgoblins
  4 kobolds
  3 quokkas
  6 bats
  A frilled lizard (D:1)
  A quokka skeleton (D:3)
  3 rats
49 creatures vanquished.

Notes
Turn   | Place    | Note
-------+----------+-------------------------------------------
     0 | D:1      | psuckher the Gargoyle Fighter began the quest for the Orb.
     0 | D:1      | Reached XP level 1. HP: 14/14 MP: 1/1
   196 | D:1      | Reached XP level 2. HP: 18/19 MP: 2/2
   318 | D:1      | Found a faded altar of an unknown god.
   329 | D:1      | Prayed at the altar of an unknown god.
   329 | D:1      | Became a worshipper of Ashenzari the Shackled
  1039 | D:2      | Found an iron altar of Okawaru.
  1101 | D:2      | Reached XP level 3. HP: 20/23 MP: 3/3
  1299 | D:2      | Noticed Jessica
  1310 | D:2      | Killed Jessica
  1311 | D:2      | Reached skill level 1 in Dodging
  1311 | D:2      | Reached XP level 4. HP: 27/28 MP: 4/4
  1349 | D:2      | Found Fyonowememm's Antique Armour Emporium.
  1832 | D:3      | Noticed Ijyb
  1854 | D:3      | Killed Ijyb
  1855 | D:3      | Reached XP level 5. HP: 33/33 MP: 5/5
  2158 | D:3      | Noticed Grinder
  2160 | D:3      | Paralysed by Grinder for 2 turns
  2169 | D:3      | Paralysed by Grinder for 3 turns
  2198 | D:3      | Killed from afar by an orc priest

Illustrated notes

Levels and vault maps discovered:
D:1:      dpeg_arrival_oval, layout_loops_ring,
          chequers_ecumenical_altar_simple_redux, minmay_cupped
D:2:      layout_basic, serial_shops, shop, basic_altar, grunt_decor_cap,
          chequers_garden, kennysheep_jessica_study
D:3:      layout_loops_corners, uniq_ijyb, uniq_grinder

Skill      XL: |  1  2  3  4 |
---------------+-------------+-----
Axes           | 2 3 |  3.7
Dodging        | 1 |  1.1
Fighting       | |  3.7
Armour         | |  3.8
Shields        | |  3.8

Action                   |  1- 3 |  4- 6 || total
-------------------------+-------+-------++-------
Melee: War axe           |   109 |    78 ||   187
Invok: Curse Item        |     1 |       ||     1
  Use: Scroll            |       |     4 ||     4
Armor: Scale mail        |    92 |    50 ||   142
Dodge: Dodged            |    91 |    43 ||   134
Block: Buckler           |    35 |    16 ||    51

Table legend: (Time is in decaauts)
 A = Elapsed time spent in this place.
 B = Non-inter-level travel time spent in this place.
 C = Inter-level travel time spent in this place.
 D = Time resting spent in this place.
 E = Time spent auto-exploring this place.
 F = Levels seen in this place.
 G = Mean time per level.
                   A        B        C        D        E       F      G
               +--------+--------+--------+--------+--------+-----+--------+
         Total |   2272 |   1964 |    308 |      0 |      0 |   3 |  757.3 |
       Dungeon |   2272 |   1964 |    308 |      0 |      0 |   3 |  757.3 |
               +--------+--------+--------+--------+--------+-----+--------+

Top non-repeatable levels by time:
     D:1: 1021 daAuts
     D:2: 838 daAuts
     D:3: 413 daAuts
